 Dungeon Crawl Stone Soup version 0.28-a0-1613-gdaab1c2f9b (webtiles) character file.

Game seed: 289223007894893147

36 YayAnonymity the Firebug (level 3, -1/24 HPs)
             Began as a Demonspawn Fire Elementalist on Jan 22, 2022.
             Slain by Terence (8 damage)
             ... on level 1 of the Dungeon.
             The game lasted 00:04:20 (1391 turns).

YayAnonymity the Firebug (DsFE)                     Turns: 1391, Time: 00:04:20

Health: -1/24      AC:  2    Str: 10    XL:     3   Next: 19%
Magic:  3/6        EV: 12    Int: 16    God:
Gold:   96         SH:  0    Dex: 13    Spells: 5/6 levels left

rFire   . . .      SeeInvis .   f - +0 dagger
rCold   . . .      Faith    .   (no shield)
rNeg    . . .      Spirit   .   a - +0 robe
rPois   .          Reflect  .   (helmet restricted)
rElec   .          Harm     .   (no cloak)
rCorr   .          Rampage  .   (no gloves)
Will    .....                   (no boots)
Stlth   ++........              (no amulet)
HPRegen 0.08/turn               (no ring)
MPRegen 0.10/turn               (no ring)

@: no status effects
A: horns 1, demonic guardian 1
a: no special abilities


You were on level 1 of the Dungeon.
You visited 1 branch of the dungeon, and saw 2 of its levels.

You collected 96 gold pieces.

Inventory:

Hand Weapons
 f - a +0 dagger (weapon)
Missiles
 c - 52 stones (quivered)
Armour
 a - a +0 robe (worn)
Scrolls
 d - a scroll of identify {unknown}
 e - a scroll of magic mapping {unknown}
Potions
 b - 3 potions of degeneration {unknown}
 g - a potion of heal wounds {unknown}


   Skills:
 - Level 1.7 Dodging
 - Level 1.7 Stealth
 - Level 2.0 Spellcasting
 - Level 1.0 Conjurations
 + Level 4.0 Fire Magic


You had 5 spell levels left.
You knew the following spells:

 Your Spells              Type           Power      Damage    Failure   Level
a - Foxfire               Conj/Fire      36%        2x1d5     8%          1

Your spell library contained the following spells:

 Spells                   Type           Power      Damage    Failure   Level
 Scorch                   Fire           28%        2d6       6%          2
 Conjure Flame            Conj/Fire      9%         6-21      22%         3
 Inner Flame              Hex/Fire       8%         N/A       26%         3
 Flame Wave               Conj/Fire      9%         2d5       58%         4
 Summon Forest            Summ/Tloc      0%         N/A       99%         5
 Summon Mana Viper        Hex/Summ       1%         N/A       99%         5
 Summon Cactus Giant      Summ           0%         N/A       100%        6


Dungeon Overview and Level Annotations

Branches:
Dungeon (2/15)

Altars:

Annotations:
D:1 Terence


Innate Abilities, Weirdness & Mutations

You have a pair of small horns on your head.
A weak demonic guardian rushes to your aid.


Message History

Your Fire Magic skill increases to level 4!
You start resting.
Magic restored.
You start resting.
HP restored.
There is a stone staircase leading up here.
Found a stone staircase leading down.
There is a stone staircase leading down here.
Found an escape hatch in the ceiling.
Terence the Incautious comes into view.
He is wielding a +0 mace.
Terence is nearby!
Casting: Foxfire (safe; 8% risk of failure)
Confirm with . or Enter, or press ? or * to list all spells.
You conjure some foxfire!
Terence shouts!
Terence says, "Don't bother to defend, it's useless."
The foxfire hits Terence but does no damage.
Casting: Foxfire (safe; 8% risk of failure)
Confirm with . or Enter, or press ? or * to list all spells.
You conjure some foxfire!
The foxfire hits Terence but does no damage.
The foxfire hits Terence but does no damage. x2
An adder comes into view.
Casting: Foxfire (safe; 8% risk of failure)
Confirm with . or Enter, or press ? or * to list all spells.
You conjure some foxfire!
The adder hisses angrily.
The foxfire hits Terence but does no damage. x2
Terence hits you with a +0 mace!
There is an escape hatch in the ceiling here.
Terence hits you with a +0 mace. A mysterious force pulls you upwards.
The hatch slams shut behind you.
Casting: Foxfire (safe; 8% risk of failure)
Confirm with . or Enter, or press ? or * to list all spells.
You conjure some foxfire!
Terence hits you with a +0 mace.
* * * LOW HITPOINT WARNING * * *
A demonic guardian appears!
The foxfire hits Terence but does no damage. x2
Terence hits you with a +0 mace!
You die...

###.####.#.##.....≈≈≈≈#...#...#..
#.#......#.....≈≈≈#'###.#####.#
#.#.##.####....≈≈≈+...'.......'
#.#.##.#.......≈≈≈+...##'###'##
#......#.##....≈≈≈#+#'#≈≈≈≈≈≈≈#
###.####.##....≈≈≈≈≈≈≈≈≈≈≈≈≈≈≈≈
#..........?.≈≈≈≈≈≈≈≈≈≈≈≈≈≈≈≈
######.##....≈≈≈≈≈≈≈≈≈≈≈≈≈≈≈≈
#.##...@5............... #####
#.####.@................ ....#
#....................... ....#
######....#########..... ....####
#....#### #.#### .......#
###......# #.# #
.....#.#######........## #.# #
.......................#####.####
.....##.#####..................##


You could see Terence (ally target) and a friendly quasit (summoned).

Vanquished Creatures
  4 endoplasms
  A giant cockroach (D:1)
  A goblin (D:1)
  5 hobgoblins
  A kobold (D:1)
  A quokka (D:1)
  6 ball pythons (D:1)
  2 frilled lizards (D:1)
  5 rats
26 creatures vanquished.

Vanquished Creatures (collateral kills)
  An adder (D:2)
1 creature vanquished.

Vanquished Creatures (others)
  70 foxfires
  57 plants
127 creatures vanquished.

Grand Total: 154 creatures vanquished

Notes
Turn   | Place    | Note
-------+----------+-------------------------------------------
     0 | D:1      | YayAnonymity the Demonspawn Fire Elementalist began the
                  | quest for the Orb.
     0 | D:1      | Reached XP level 1. HP: 13/13 MP: 3/3
   271 | D:1      | Reached skill level 3 in Fire Magic
   461 | D:1      | Gained mutation: A weak demonic guardian rushes to your
                  | aid. [demonic ancestry]
   461 | D:1      | Reached XP level 2. HP: 19/19 MP: 3/5
   481 | D:1      | Found a faded altar of an unknown god.
  1171 | D:2      | Gained mutation: You have a pair of small horns on your
                  | head. [demonic ancestry]
  1171 | D:2      | Reached XP level 3. HP: 22/24 MP: 3/6
  1279 | D:2      | Reached skill level 4 in Fire Magic
  1378 | D:2      | Noticed Terence
  1391 | D:1      | Slain by Terence

Illustrated notes

Levels and vault maps discovered:
D:1:      dpeg_arrival_castle, layout_basic, shapermc_ecumenical_altar_petra,
          minmay_misc_feat_pillars
D:2:      cheibrodos_helix_gallery, layout_loops_ring, basic_altar,
          kennysheep_boxes, uniq_terence, uniq_jessica

Skill      XL: |  1  2  3 |
---------------+----------+-----
Fire Magic     | 3 4 |  4.0
Dodging        | |  1.7
Stealth        | |  1.7
Spellcasting   | |  2.0
Conjurations   | |  1.0

Action                   || total
-------------------------++-------
Melee: Dagger            ||     9
       Headbutt          ||     1
Throw: Stone             ||     2
 Cast: Foxfire           ||    42
 Stab: Sleeping          ||     1
Dodge: Dodged            ||    11

Table legend: (Time is in decaauts)
 A = Elapsed time spent in this place.
 B = Non-inter-level travel time spent in this place.
 C = Inter-level travel time spent in this place.
 D = Time resting spent in this place.
 E = Time spent auto-exploring this place.
 F = Levels seen in this place.
 G = Mean time per level.
                   A        B        C        D        E       F      G
               +--------+--------+--------+--------+--------+-----+--------+
         Total |   1403 |   1279 |    124 |    217 |    503 |   2 |  701.5 |
       Dungeon |   1403 |   1279 |    124 |    217 |    503 |   2 |  701.5 |
               +--------+--------+--------+--------+--------+-----+--------+

Top non-repeatable levels by time:
     D:1: 1138 daAuts
     D:2: 264 daAuts
